 Dungeon Crawl Stone Soup version 0.19.5 (webtiles) character file.

34 Hordtkhen the Ruffian (level 3, 0/30 HPs)
             Began as a Ghoul Gladiator on Apr 15, 2017.
             Slain by a jackal (2 damage)
             ... on level 1 of the Dungeon.
             The game lasted 00:09:55 (1167 turns).

Hordtkhen the Ruffian (Ghoul Gladiator)             Turns: 1167, Time: 00:09:56

Health: 0/30       AC:  5    Str: 18    XL:     3   Next: 31%
Magic:  2/2        EV: 12    Int:  3    God:
Gold:   4          SH:  0    Dex: 10    Spells: 0 memorised, 2 levels left

rFire  . . .     SeeInvis .     m - +0 dagger (flame)
rCold  + . .     Gourm    .     a - +0 leather armour
rNeg   + + +     Faith    .     (no shield)
rPois  ∞         Spirit   .     b - +0 helmet
rElec  .         Reflect  .     (no cloak)
rCorr  .         Harm     .     f - +0 pair of gloves (curse)
MR     .....                    (no boots)
Stlth  +.........               (no amulet)
                                (no ring)
                                e - -5 ring of slaying (curse)

@: rotting
A: rotting body, claws 1, carnivore 3, cold resistance 1, negative energy
resistance 3, slow regeneration 1, torment resistance, unbreathing
a: no special abilities


You were on level 1 of the Dungeon.
You were not hungry.

You visited 1 branch of the dungeon, and saw 1 of its levels.

You collected 4 gold pieces.

Inventory:

Hand Weapons
 c - a +0 club
 k - a +0 spear
 m - a +0 dagger of flaming (weapon)
Armour
 a - a +0 leather armour (worn)
 b - a +0 helmet (worn)
 f - a cursed +0 pair of gloves (worn)
Jewellery
 e - a cursed -5 ring of slaying (left hand)
Scrolls
 n - a scroll of identify
Potions
 h - a potion of degeneration {unknown}
 j - a potion of mutation {unknown}
 l - a potion of flight {unknown}
Comestibles
 d - 2 meat rations
 i - 2 chunks of flesh


   Skills:
 + Level 2.4 Fighting
 + Level 0.1 Maces & Flails
 + Level 1.8 Throwing
 + Level 0.1 Armour
 + Level 3.0 Dodging
 + Level 0.2 Stealth
 + Level 4.1 Unarmed Combat


You had 2 spell levels left.
You didn't know any spells.

Dungeon Overview and Level Annotations

Branches:
Dungeon (1/15)

Altars:


Innate Abilities, Weirdness & Mutations

Your body is rotting away.
You thrive on raw meat.
You are immune to poison.
You have sharp fingernails.
You are carnivorous and can eat meat at any time.
Your flesh is cold resistant. (rC+)
You are immune to negative energy. (rN+++)
You regenerate slowly when monsters are visible.
You are immune to unholy pain and torment.
You can survive without breathing.


Message History

The jackal is heavily wounded.
The jackal misses you. The jackal barely misses you.
You barely miss the jackal.
The jackal is heavily wounded.
The jackal bites you but does no damage.
You barely miss the jackal.
The jackal is heavily wounded.
The jackal barely misses you.
You barely miss the jackal.
The jackal is heavily wounded.
The jackal completely misses you. The jackal bites you.
* * * LOW HITPOINT WARNING * * *
You hit the jackal but do no damage.
The jackal is heavily wounded.
The jackal bites you.
* * * LOW HITPOINT WARNING * * *
You barely miss the jackal.
The jackal is heavily wounded.
The jackal closely misses you. The jackal bites you.
You die...

#...................!
#....................
#.................(..
#....................
#....................
#....................
#...........>........
####..h.#####...........
#......@##*,.......[....
#........#*,............
#........#*,............
#........#**#...........
#........# #...........
##........# #...........
#.......######...........
#.......#................
#........................


You could see a jackal.

Vanquished Creatures
  An ooze (D:1)
  A dart slug (D:1)
  A leopard gecko (D:1)
  2 bats (D:1)
  4 giant cockroaches (D:1)
  6 goblins (D:1)
  A hobgoblin (D:1)
  3 jackals (D:1)
  3 rats (D:1)
22 creatures vanquished.

Notes
Turn   | Place    | Note
-------+----------+-------------------------------------------
     0 | D:1      | Hordtkhen the Ghoul Gladiator began the quest for the Orb.
     0 | D:1      | Reached XP level 1. HP: 17/17 MP: 0/0
   200 | D:1      | Reached XP level 2. HP: 2/25 MP: 1/1
   696 | D:1      | Reached skill level 4 in Unarmed Combat
   732 | D:1      | Reached XP level 3. HP: 18/30 MP: 2/2
  1167 | D:1      | Slain by a jackal

Skill      XL: |  1  2  3 |
---------------+----------+-----
Unarmed Combat | 4 |  4.1
Dodging        | 3 |  3.0
Fighting       | |  2.4
Maces & Flails | |  0.1
Throwing       | |  1.8
Armour         | |  0.1
Stealth        | |  0.2

Action                   || total
-------------------------++-------
Melee: Unarmed           ||   107
       Dagger            ||   106
       Club              ||    48
       Spear             ||    23
Throw: Throwing net      ||     6
  Use: Scroll            ||     4
       Potion            ||     1
  Eat: Chunk             ||     3
Armor: Leather armour    ||   175
Dodge: Dodged            ||   314
